 Dungeon Crawl Stone Soup version 0.31.0-11-ge490571c62 (webtiles) character file.

Game seed: 14909704857273400487

62 Zeia the Firebug (level 3, -9/25 HPs)
             Began as a Demonspawn Fire Elementalist on Jan 27, 2024.
             Mangled by an orc
             ... wielding a +0 morningstar
              (11 damage)
             ... on level 3 of the Dungeon.
             The game lasted 00:05:40 (2051 turns).

Zeia the Firebug (Demonspawn Fire Elementalist)     Turns: 2051, Time: 00:05:40

Health: -9/25      AC:  3    Str:  8    XL:     3   Next: 85%
Magic:  6/6        EV: 12    Int: 17    God:
Gold:   139        SH:  0    Dex: 13    Spells: 3/6 levels left

rFire   . . .        c - +0 scimitar
rCold   . . .        (no shield)
rNeg    . . .        a - +0 robe
rPois   .            (no helmet)
rElec   .            (no cloak)
rCorr   .            k - +0 pair of gloves
SInv    .            (no boots)
Will    .....        (no amulet)
Stlth   +            (no ring)
HPRegen 0.24/turn    (no ring)
MPRegen 0.10/turn

%: no passive effects
@: confused
A: powered by death 1
a: no special abilities


You were on level 3 of the Dungeon.
You visited 1 branch of the dungeon, and saw 3 of its levels.

You collected 139 gold pieces.

Inventory:

Hand Weapons
 c - a +0 scimitar (weapon)
Armour
 a - a +0 robe (worn)
 k - a +0 pair of gloves (worn)
Jewellery
 f - a ring of ice
Scrolls
 d - 2 scrolls of noise {unknown}
 e - a scroll of amnesia {unknown}
 g - a scroll of fear {unknown}
 h - a scroll of enchant weapon {unknown}
 j - a scroll of identify {unknown}
 l - a scroll of poison {unknown}
 m - a scroll of butterflies {unknown}
Potions
 b - a potion of magic
 i - a potion of invisibility {unknown}


   Skills:
 - Level 0.8 Fighting
 - Level 1.7 Dodging
 - Level 1.7 Stealth
 - Level 2.2 Spellcasting
 + Level 2.4 Conjurations
 + Level 3.4 Fire Magic


You had 3 spell levels left.
You knew the following spells:

 Your Spells              Type           Power      Damage    Failure   Level
a - Foxfire               Conj/Fire      44%        2x1d6     5%          1
b - Scorch                Fire           26%        2d6       7%          2

Your spell library contained the following spells:

 Spells                   Type           Power      Damage    Failure   Level
 Sting                    Conj/Alch      24%        1d4       12%         1
 Apportation              Tloc           2%         N/A       19%         1
 Necrotise                Necr           4%         1d4       19%         1
 Summon Small Mammal      Summ           4%         N/A       19%         1
 Inner Flame              Hex/Fire       7%         N/A       28%         3
 Volatile Blastmotes      Fire/Tloc      14%        2d11      28%         3
 Flame Wave               Conj/Fire      11%        2d6       50%         4


Dungeon Overview and Level Annotations

Branches:
Dungeon (3/15)

Altars:


Innate Abilities, Weirdness & Mutations

You regenerate a little health from kills.


Message History

The ball python bites you. The ball python completely misses you.
You slash the ball python!
You kill the ball python!
The orc wizard gestures wildly while chanting.
The orc wizard flickers and vanishes!
Deactivating autopickup; reactivate with Ctrl-A.
You hear a shout! x2
The orc throws a boomerang.
The boomerang misses you.
The orc throws a boomerang.
The boomerang barely misses you.
An orc comes into view. It is wielding a +0 trident.
Something hits you. Something hits you.
You miss something. Something hits you.
You barely miss something. Something hits you but does no damage.
Something hits you.
You miss something.
The orc throws a boomerang.
The boomerang barely misses you. Something hits you.
You miss something. Something hits you. x2
You miss something.
An orc comes into view. It is wielding a +0 whip.
You hear some strange, mumbled words.
You are confused.
The orc shouts!
You hear a shout!
Unknown command.
You bump into the rock wall.
Something hits you.
You're too confused to move!
Something hits you.
You hear some strange, mumbled words.
You are more confused.
The orc throws a boomerang.
The boomerang hits you. Something barely misses you. The orc misses you.
Something hits you but does no damage. The orc hits you with a +0 morningstar!
* * * LOW HITPOINT WARNING * * *
You hear some strange, mumbled words.
A magic dart appears from out of thin air!
The magic dart hits you.
* * * LOW HITPOINT WARNING * * *
The orc hits you with a +0 morningstar!
You die...

#####.#.###
#####...#.#.#
#......##.#.#
#.####.##.#.#
#.###.....#.####..
#.......#......o{..
#######o#......#...
####o#....>.#
#<.@{#..>...#
######...†..#
#......# #......#
###.####


You could see 2 orcs.

Vanquished Creatures
  2 adders (D:2)
  2 dart slugs
  6 ball pythons
  2 endoplasms
  3 giant cockroaches
  3 goblins
  4 hobgoblins (D:2)
  2 jackals (D:2)
  A quokka (D:1)
  4 bats
  A frilled lizard (D:1)
  2 kobolds
  5 rats
37 creatures vanquished.

Vanquished Creatures (others)
  88 foxfires
88 creatures vanquished.

Grand Total: 125 creatures vanquished

Notes
Turn   | Place    | Note
-------+----------+-------------------------------------------
     0 | D:1      | Zeia the Demonspawn Fire Elementalist began the quest for
                  | the Orb.
     0 | D:1      | Reached XP level 1. HP: 13/13 MP: 3/3
   428 | D:1      | Gained mutation: You regenerate a little health from kills.
                  | [demonic ancestry]
   428 | D:1      | Reached XP level 2. HP: 20/20 MP: 1/5
   916 | D:1      | Learned a level 2 spell: Scorch
  1202 | D:2      | Reached skill level 3 in Fire Magic
  1257 | D:2      | Reached XP level 3. HP: 25/25 MP: 3/6
  1761 | D:2      | Found a faded altar of an unknown god.
  1761 | D:2      | Noticed a sun demon
  1922 | D:3      | Noticed a gnoll sergeant
  2050 | D:3      | HP: 1/25 [something/magic dart (5)]
  2051 | D:3      | Mangled by an orc

Illustrated notes

Levels and vault maps discovered:
D:1:      nzn_arrival_depleted_hourglass, layout_loops_corners,
          minmay_liquid_box, skrybe_limestone_x, minmay_crystal_room
D:2:      layout_rooms, dreamdust_ecumenical_altar_sealed_demon
D:3:      layout_basic, led_sif_pool, demons_altar, gammafunk_ghost_arena,
          minmay_quantized, uniq_grinder, uniq_sigmund, uniq_crazy_yiuf_cottage,
          uniq_natasha

Skill      XL: |  1  2  3 |
---------------+----------+-----
Fire Magic     | 3 |  3.4
Conjurations   | 2 |  2.4
Fighting       | |  0.8
Dodging        | |  1.7
Stealth        | |  1.7
Spellcasting   | |  2.2

Action                     || total
---------------------------++-------
  Melee: Scimitar          ||    34
   Cast: Foxfire           ||    55
 Armour: Robe              ||    48
  Dodge: Dodged            ||    43
